Map: Vaani Research Station (Void)

Players

Musumeci - Winner!

  • Race: Zerg Zerg
  • League: Diamond
  • Spawn Location: 12:00

ATAraXia

  • Race: Terran Terran
  • League: Diamond
  • Spawn Location: 6:00

VOD

Have the link to the VOD?

Description

Time

  • Played on: Jan. 17, 2017, 2:42 p.m.
  • Length: 22:43
Show
View Real Time Build Order
Export as new Build Order

Musumeci Zerg - Winner!

Build Orders: Hatch First 

Get SALT Encoding   

  12  0:08  Drone x2  
  14  0:20  Overlord  
  14  0:38  Drone x2, Extractor  
  16  0:53  Hatchery  
  15  1:12  Spawning Pool  
  14  1:22  Drone x3  
  17  1:36  Drone  
  18  1:47  Drone  
  19  1:59  Queen  
  21  2:04  Queen  
  21  2:06  Drone x3  
  26  2:20  Overlord  
  26  2:29  Drone  
  27  2:30  Drone  
  28  2:38  Queen  
  28  2:40  Queen  
  32  2:50  Overlord  
  33  2:51  Drone x4  
  33  2:53  Extractor  
  36  3:35  Drone x8  
  44  3:46  Extractor  
  42  3:48  Extractor  
  42  3:53  Hatchery  
  40  4:00  Roach Warren  
  39  4:08  Drone x5  
  39  4:09  Overlord  
  44  4:27  Drone x8  
  44  4:28  Drone, Evolution Chamber  
  44  4:29  Evolution Chamber  
  51  4:33  Lair, Extractor  
  50  4:47  Extractor  
  49  4:56  Roach  
  49  4:57  Overlord x2  
  51  5:03  Overlord  
  51  5:24  Roach x3  
  51  5:25  Roach x3  
  63  5:28  Zerg Missile Weapons Level 1  
  63  5:29  Zerg Ground Armor Level 1  
  63  5:30  Drone x10  
  63  5:34  Glial Reconstitution  
  73  5:36  Drone  
  73  5:37  Drone  
  73  5:42  Drone  
  76  6:01  Spore Crawler x2  
  76  6:02  Drone, Spore Crawler  
  76  6:03  Drone x3  
  77  6:04  Drone, Spore Crawler  
  77  6:07  Spore Crawler  
  77  6:10  Drone x3, Extractor  
  78  6:12  Roach x2, Extractor  
  78  6:14  Drone  
  78  6:15  Overlord x4  
  70  6:50  Roach x9  
  70  6:51  Roach x5  
  94  6:56  Ravager  
  95  7:04  Drone x2  
  95  7:07  Spore Crawler x2  
  95  7:13  Drone x8  
  103  7:19  Ravager  
  103  7:21  Overseer  
  104  7:34  Zerg Missile Weapons Level 2, Zerg Ground Armor Level 2  
  104  7:36  Overlord x3  
  104  7:45  Hatchery  
  104  7:50  Roach  
  105  7:51  Overlord x2  
  105  7:52  Overlord x4  
  105  8:01  Ravager x7  
  105  8:02  Ravager x6  
  105  8:05  Overlord x2  
  118  8:06  Overlord  
  118  8:22  Roach x9  
  136  8:31  Roach x2  
  136  8:32  Roach x2  
  144  8:39  Roach x2  
  148  8:51  Drone x8  
  156  9:16  Roach x8  
  172  9:21  Ravager x6  
  172  9:22  Infestation Pit, Ravager x2  
  179  9:33  Roach x2  
  179  9:34  Roach x7  
  197  9:44  Queen  
  199  9:46  Extractor x2  
  199  9:47  Drone x3  
  199  9:49  Overlord x2  
  200  9:59  Hive  
  200  10:01  Burrow, Tunneling Claws  
  171  10:42  Roach x4  
  175  10:44  Ravager x4  
  175  10:45  Ravager  
  180  11:14  Roach x8  
  180  11:39  Roach x2  
  180  11:40  Roach  
  180  11:41  Roach  
  180  11:43  Roach x6  
  180  11:45  Ravager  
  180  11:46  Ravager x7  
  200  11:49  Roach x2  
  200  11:50  Roach x2  
  200  11:54  Spire  
  200  11:57  Zerg Missile Weapons Level 3  
  200  11:58  Zerg Ground Armor Level 3  
  176  13:09  Roach x4  
  176  13:10  Roach x12  
  162  13:23  Roach  
  160  13:35  Roach  
  160  13:38  Roach  
  160  13:39  Ravager x3  
  160  13:40  Ravager x12  
  175  13:56  Roach  
  175  13:58  Roach  
  175  14:00  Extractor  
  175  14:01  Hatchery  
  173  14:04  Roach  
  173  14:06  Extractor  
  172  14:20  Roach x8  
  172  14:21  Roach  
  190  14:44  Ravager x3  
  190  14:45  Ravager x7  
  198  14:53  Drone  
  196  15:13  Roach x9  
  124  15:44  Roach x14  
  124  15:45  Roach x19  
  124  15:47  Ravager x3  
  124  15:48  Ravager x3  
  124  15:49  Ravager x3  
  190  16:07  Ravager x9  
  190  16:08  Ravager  
  158  16:47  Ravager  
  158  16:48  Ravager x9  
  158  16:49  Roach  
  158  16:50  Roach x8  
  169  17:38  Ravager x4  
  169  17:39  Ravager x5  
  169  17:42  Roach x8  
  194  18:01  Hatchery, Extractor  
  194  18:04  Extractor  
  152  18:34  Ravager x8  
  154  18:51  Roach  
  154  18:52  Roach x9  
  164  19:43  Roach x2  
  164  19:44  Roach x2  
  164  19:45  Roach x2  
  164  19:46  Roach x2  
  155  20:18  Roach x5  
  157  20:37  Roach x5  
  157  20:38  Roach x21  
  181  20:42  Roach  
  131  21:04  Ravager x14  
  132  21:05  Ravager x12  
  132  21:07  Metabolic Boost  
  154  21:37  Hatchery  
  154  21:38  Extractor  
  152  21:40  Mutalisk  
  152  21:41  Mutalisk x15  
  152  21:43  Extractor  
  152  21:44  Extractor  
  152  21:45  Hatchery  
  166  22:08  Hatchery  
Show
View Real Time Build Order
Export as new Build Order

ATAraXia Terran 

Build Orders: Reaper Expand, MMM Bio 

Get SALT Encoding   

  12  0:02  SCV  
  14  0:14  SCV  
  14  0:18  Supply Depot  
  14  0:26  SCV  
  15  0:39  SCV  
  15  0:42  Barracks  
  16  0:52  SCV, Refinery  
  17  1:04  SCV  
  18  1:16  SCV  
  19  1:30  Orbital Command  
  19  1:34  Reaper  
  20  1:52  Command Center  
  20  2:00  SCV  
  21  2:07  Barracks  
  21  2:09  Barracks Reactor  
  21  2:23  SCV  
  21  2:27  Refinery  
  22  2:31  Supply Depot  
  22  2:50  SCV  
  23  2:52  Marine x2  
  23  2:56  Barracks Tech Lab  
  23  2:57  Factory  
  24  3:06  SCV  
  25  3:21  SCV  
  25  3:25  Stimpack, Marine x2  
  28  3:34  SCV  
  28  3:36  Orbital Command  
  29  3:42  Marine, Factory Reactor  
  29  3:43  Marine  
  31  4:00  SCV  
  31  4:06  Starport, Marine x3  
  31  4:09  SCV  
  35  4:13  SCV  
  36  4:18  Widow Mine  
  36  4:20  Widow Mine  
  36  4:21  SCV  
  36  4:23  Supply Depot  
  41  4:25  SCV, Marine  
  41  4:26  Marine  
  44  4:33  SCV  
  44  4:37  SCV  
  46  4:46  SCV  
  46  4:47  Supply Depot  
  46  4:49  SCV  
  46  4:52  Marine x3  
  51  4:58  SCV  
  51  4:59  Medivac, Engineering Bay  
  54  5:01  Engineering Bay  
  54  5:06  Supply Depot  
  54  5:08  SCV, Medivac  
  54  5:10  SCV, Marine  
  59  5:15  Refinery  
  59  5:17  Supply Depot  
  59  5:21  SCV  
  60  5:22  SCV  
  60  5:26  Terran Infantry Weapons Level 1  
  61  5:29  Medivac  
  61  5:32  Factory Reactor  
  61  5:33  SCV  
  64  5:36  SCV  
  64  5:38  Medivac  
  67  5:43  Refinery  
  67  5:45  SCV  
  67  5:46  Terran Infantry Armor Level 1  
  68  5:51  SCV  
  69  5:57  SCV  
  69  5:59  Combat Shields  
  69  6:00  Command Center  
  69  6:03  SCV  
  71  6:10  Widow Mine x2, Marine x3  
  78  6:22  Barracks  
  78  6:25  Barracks  
  78  6:41  SCV x2  
  70  6:52  Marine  
  70  6:53  Widow Mine x2, SCV, Marine x2  
  63  6:54  Medivac  
  63  6:55  Medivac  
  63  7:01  SCV  
  70  7:05  SCV  
  71  7:11  Marauder  
  73  7:16  Marine  
  73  7:18  Barracks Reactor  
  73  7:19  Barracks Tech Lab  
  73  7:21  Supply Depot x2  
  73  7:22  Marine  
  75  7:23  Armory  
  75  7:25  Medivac  
  75  7:26  Medivac  
  79  7:33  Marauder  
  79  7:34  Marine  
  80  7:37  Concussive Shells  
  80  7:39  SCV  
  80  7:40  Marine  
  80  7:43  Supply Depot  
  82  7:52  Marauder, Marine  
  82  7:54  Marauder  
  82  7:55  Medivac  
  82  7:56  Medivac  
  82  7:57  SCV x2  
  93  7:59  Marine x3  
  93  8:02  Supply Depot  
  96  8:09  SCV x2  
  96  8:10  Marine  
  99  8:13  Marauder  
  99  8:15  Marauder  
  99  8:17  Orbital Command  
  103  8:21  SCV, Marine x2  
  103  8:22  Widow Mine x2, SCV, Marine  
  103  8:24  Terran Infantry Weapons Level 2  
  112  8:27  Supply Depot  
  112  8:33  Marine  
  112  8:34  Marauder, SCV  
  114  8:37  Marauder, SCV, Unknown  
  114  8:39  Marine x3  
  122  8:46  SCV  
  123  8:51  Marine  
  124  8:55  SCV  
  124  8:56  Marauder, SCV  
  124  8:57  Marine x3  
  124  8:58  SCV  
  132  9:05  Supply Depot  
  132  9:06  Factory Tech Lab, Supply Depot  
  132  9:08  SCV  
  133  9:15  Refinery  
  133  9:22  Supply Depot  
  133  9:27  Marauder x2, SCV x2  
  133  9:31  Supply Depot x2  
  139  9:32  Siege Tank  
  139  9:34  Factory  
  139  9:36  SCV  
  143  9:39  Terran Vehicle Weapons Level 1, SCV x2  
  143  9:44  Liberator x2  
  145  9:48  Marauder x2, SCV  
  145  9:51  SCV  
  151  9:54  Command Center  
  151  9:57  Refinery, Supply Depot  
  151  9:59  Supply Depot  
  151  10:02  Terran Infantry Armor Level 2  
  151  10:05  Siege Tank  
  160  10:09  SCV x3  
  160  10:10  Marauder  
  146  10:41  Marine x3  
  146  10:42  Marauder x2  
  137  10:45  Refinery  
  137  10:49  Factory Reactor  
  140  10:50  Siege Tank  
  140  10:51  Supply Depot  
  140  10:52  Viking x2  
  140  10:53  SCV x2  
  140  10:56  SCV  
  147  10:59  Starport  
  147  11:00  Supply Depot  
  147  11:05  SCV x2, Liberator x2  
  147  11:06  Missile Turret  
  147  11:07  Supply Depot  
  147  11:08  SCV, Supply Depot  
  150  11:15  Marine x2  
  150  11:16  Marauder, Marine  
  155  11:20  Marine x2  
  163  11:33  Marine  
  163  11:36  Marine x2  
  163  11:38  Marauder, Factory  
  163  11:39  Marauder  
  170  11:40  Marine  
  170  11:42  Siege Tank  
  170  11:44  Planetary Fortress  
  174  11:51  Marine  
  174  11:53  Marine  
  176  11:57  Refinery  
  176  11:58  Refinery  
  176  11:59  Marauder, Marine  
  176  12:10  Terran Vehicle And Ship Armor Level 1  
  176  12:11  Command Center  
  176  12:14  Siege Tank  
  174  12:17  Starport  
  174  12:19  Starport Reactor  
  174  12:21  Starport Reactor  
  171  12:27  Orbital Command  
  170  12:30  Missile Turret  
  170  12:42  Marine x3  
  170  12:43  Marauder  
  175  12:44  Factory Tech Lab  
  175  12:47  Siege Tank  
  178  12:57  Missile Turret  
  174  13:04  Marauder  
  149  13:16  Marine x2  
  149  13:19  Siege Tank  
  150  13:23  Liberator x2  
  150  13:26  Marauder  
  151  13:30  Marine x2  
  151  13:33  Missile Turret  
  153  13:35  Marine x2  
  153  13:36  Siege Tank  
  164  13:47  Marauder, Marine  
  167  13:51  Siege Tank  
  167  13:54  Marine  
  167  13:55  Marine x2  
  169  14:08  Marauder, Siege Tank  
  170  14:15  Marine  
  170  14:16  Marine x2  
  164  14:18  Medivac x2  
  164  14:23  Command Center  
  166  14:28  Marine  
  166  14:30  Marauder  
  168  14:33  Marine  
  168  14:38  Marine x2  
  167  14:40  Siege Tank  
  167  14:41  Siege Tank  
  167  14:45  SCV x2  
  177  14:46  Marine  
  177  14:51  Marauder  
  180  15:12  Marauder  
  108  15:34  Marauder, Marine x3  
  98  15:36  Siege Tank x2  
  103  15:54  Marine x2  
  103  15:55  Marauder  
  107  16:05  Starport Reactor  
  107  16:08  Siege Tank  
  110  16:17  Marauder  
  106  16:38  Marauder  
  82  16:51  Marine x2  
  82  16:53  Liberator  
  82  16:54  Liberator  
  80  16:59  Marauder  
  80  17:00  Marine x2  
  74  17:03  Siege Tank x2  
  74  17:04  Hellion  
  88  17:21  Marauder  
  90  17:22  Command Center  
  90  17:30  Marine x2, Command Center  
  90  17:35  Siege Tank x2  
  98  17:38  Hellion x2  
  98  17:42  Marauder  
  104  17:50  Barracks Reactor  
  104  18:04  Marauder, Missile Turret  
  106  18:07  Siege Tank  
  106  18:08  Siege Tank  
  105  18:25  Marauder  
  102  18:32  Marine x2  
  102  18:33  Marine  
  102  18:38  Missile Turret  
  102  18:46  Marauder  
  104  18:51  Hellion x3  
  104  18:52  Hellion  
  104  18:53  Medivac x2  
  116  18:57  Marine x2  
  118  19:08  Marauder  
  119  19:29  Marauder  
  119  19:30  Liberator  
  121  19:41  Planetary Fortress  
  121  19:43  Marine x2  
  121  19:44  Marine  
  121  19:45  Hellion x2, Siege Tank  
  128  19:46  Siege Tank  
  128  19:50  Marauder, Command Center  
  118  20:18  Siege Tank  
  115  20:39  Siege Tank  
  115  20:41  Marine x2  
  115  20:42  Marauder  
  113  20:54  Viking x2  
  114  21:03  Marauder  
  114  21:19  Marine x3  
  113  21:34  Marine x2  
  116  21:40  SCV x2  
  92  22:00  Marine x3  
  92  22:01  Marauder  
  90  22:24  Marine x3  
Tags
 
Add a new tag
Caveats
  • Supply blocks, unpowered buildings, or Contaminate may cause inaccurate times.
  • Supply counts are checked every 10 seconds.